 Dungeon Crawl Stone Soup version 0.32-a0-576-g706899e69d (webtiles) character file.

Game seed: 13353373656358591901

302 growler the Slasher (level 6, -1/49 HPs)
             Began as a Coglin Cinder Acolyte on Mar 1, 2024.
             Was a Priest of Ignis.
             Slain by a gnoll sergeant
             ... wielding a +0 trident
              (7 damage)
             ... on level 4 of the Dungeon.
             The game lasted 00:10:34 (3603 turns).

growler the Slasher (Coglin Cinder Acolyte)         Turns: 3603, Time: 00:10:36

Health: -1/49      AC: 12    Str: 17    XL:     6   Next: 37%
Magic:  7/7        EV: 10    Int: 13    God:    Ignis [***...]
Gold:   105        SH:  0    Dex:  9    Spells: 7/7 levels left

rFire   + . .        a - -1 falchion (flame) {Nammahani}
rCold   . . .        t - +0 falchion {Zayda}
rNeg    . . .        p - +0 ring mail {rPois}
rPois   +            (no helmet)
rElec   .            (no cloak)
rCorr   .            (no gloves)
SInv    .            (no boots)
Will    .....        (amulet unavailable) Stlth
                     (ring unavailable)
HPRegen 0.28/turn    (ring unavailable)
MPRegen 0.10/turn    (no gizmo)

%: no passive effects
@: fiery-armoured, revved
A: off-hand wielding, slow wielding, warmup strikes, no jewellery
a: Invent Gizmo, Renounce Religion, Fiery Armour, Foxfire Swarm, Rising Flame


You were on level 4 of the Dungeon.
You worshipped Ignis.
Ignis was most pleased with you.
You visited 1 branch of the dungeon, and saw 4 of its levels.

You collected 105 gold pieces.

Inventory:

Hand Weapons
 a - a -1 falchion of flaming (weapon) {Nammahani}
 c - a +0 dagger {Fumito}
 t - a +0 falchion (offhand) {Zayda}
Armour
 b - a +0 robe
 p - a +0 ring mail of poison resistance (worn)
Talismans
 u - a maw talisman
Scrolls
 d - a scroll of revelation {unknown}
 i - 5 scrolls of identify {unknown}
 j - 2 scrolls of amnesia {unknown}
 n - a scroll of teleportation {unknown}
 o - a scroll of poison {unknown}
 q - a scroll of vulnerability {unknown}
 r - 3 scrolls of immolation {unknown}
 s - a scroll of fog {unknown}
Potions
 e - a potion of attraction {unknown}
 f - 2 potions of degeneration {unknown}
 g - 3 potions of heal wounds {unknown}
 h - a potion of berserk rage {unknown}
 k - a potion of curing {unknown}
 l - 2 potions of enlightenment {unknown}
 m - 3 potions of haste {unknown}


   Skills:
 + Level 4.7 Fighting
 * Level 5.8 Long Blades
 - Level 1.0 Spellcasting
 - Level 2.8 Fire Magic


You had 7 spell levels left.
You didn't know any spells.
Your spell library contained the following spells:

 Spells                   Type           Power      Damage    Failure   Level
 Scorch                   Fire           16%        2d5       24%         2
 Necrotise                Necr           0%         1d4       45%         1
 Cigotuvi's Dreadful Rot  Necr/Alch/Air  0%         N/A       61%         2
 Fugue of the Fallen      Necr           0%         N/A       83%         3
 Ozocubu's Armour         Ice            0%         N/A       83%         3
 Vampiric Draining        Necr           0%         2d6       83%         3
 Ignite Poison            Fire/Alch      4%         N/A       96%         4
 Manifold Assault         Tloc           0%         N/A       99%         4
 Martyr's Knell           Necr/Summ      0%         N/A       99%         4
 Vhi's Electric Charge    Tloc/Air       0%         N/A       99%         4
 Arcjolt                  Conj/Air       0%         1d10      100%        5
 Curse of Agony           Necr           0%         N/A       100%        5
 Freezing Cloud           Conj/Ice/Air   0%         6-21      100%        5
 Maxwell's Capacitive Co  Air            0%         ∞         100%        8


Dungeon Overview and Level Annotations

Branches:
Dungeon (4/15)
 Temple: D:4-7

Altars:
Cheibriados
Fedhas
Qazlal


Innate Abilities, Weirdness & Mutations

You can wield a second weapon in your off-hand.
It takes a long time for you to wield or remove held weapons.
Your first few attacks do less damage.
You cannot equip rings or amulets.


Message History

The gnoll sergeant shouts!
You hear an angry hiss.
There is a stone staircase leading up here.
The gnoll sergeant hits you with a +0 trident.
You hit the gnoll sergeant with your -1 falchion of flaming.
You burn the gnoll sergeant.
The gnoll sergeant is lightly wounded.
You hit the gnoll sergeant with your +0 falchion.
The gnoll sergeant completely misses you.
You hit the gnoll sergeant with your -1 falchion of flaming.
You burn the gnoll sergeant.
The gnoll sergeant is moderately wounded.
You hit the gnoll sergeant with your +0 falchion.
The gnoll sergeant hits you with a +0 trident.
You hit the gnoll sergeant but do no damage.
The gnoll sergeant is heavily wounded.
You hit the gnoll sergeant but do no damage.
The gnoll sergeant hits you with a +0 trident!
You hit the gnoll sergeant but do no damage.
The gnoll sergeant is heavily wounded.
You hit the gnoll sergeant but do no damage.
The gnoll sergeant hits you with a +0 trident!
You barely miss the gnoll sergeant with your +0 falchion.
The gnoll sergeant is heavily wounded.
You barely miss the gnoll sergeant with your -1 falchion of flaming.
The gnoll sergeant hits you with a +0 trident!
A protective cloak of flame settles atop you.
The gnoll sergeant hits you with a +0 trident!
* * * LOW HITPOINT WARNING * * *
The gnoll sergeant is burned by your cloak of flames.
The gnoll sergeant is severely wounded.
Unknown command.
Okay, then.
Okay, then.
You hit the gnoll sergeant with your -1 falchion of flaming.
You burn the gnoll sergeant.
The gnoll sergeant is severely wounded.
You hit the gnoll sergeant with your +0 falchion.
The gnoll sergeant hits you with a +0 trident!
You die...
Ignis goes out, and joins you in death.

.............#..###.#
#.####.#
...........#.#....#.#
#......#
........>..#.#.##.#.#
########
.......#...#.#.##...#
.......###÷....######
.............#.##
######<.........##########
#####.....<..##.....#
#.###..@........#
#.......g.......####
######......†......#
#......†[...#.#
............#.#
.....####.......... .....
#.†..###.... ..... #..#.#
#.. ..... .....# .


You could see a gnoll sergeant.

Vanquished Creatures
  A sky beast (D:3)
  A hound (D:4)
  An iguana (D:4)
  9 adders
  A ribbon worm (D:3)
  2 dart slugs
  5 orcs
  8 bats
  6 endoplasms
  4 giant cockroaches
  4 goblins
  5 hobgoblins
  3 jackals (D:4)
  5 kobolds
  2 quokkas (D:3)
  8 ball pythons
  A frilled lizard (D:2)
  3 rats
69 creatures vanquished.

Vanquished Creatures (others)
  46 foxfires
46 creatures vanquished.

Grand Total: 115 creatures vanquished

Notes
Turn   | Place    | Note
-------+----------+-------------------------------------------
     0 | D:1      | growler the Coglin Cinder Acolyte began the quest for the
                  | Orb.
     0 | D:1      | Reached XP level 1. HP: 18/18 MP: 2/2
   343 | D:1      | Reached XP level 2. HP: 22/24 MP: 3/3
   913 | D:2      | Reached XP level 3. HP: 29/29 MP: 4/4
  1127 | D:2      | Reached skill level 4 in Long Blades
  1128 | D:2      | Reached XP level 4. HP: 18/37 MP: 5/5
  1850 | D:2      | Found a stormy altar of Qazlal.
  2490 | D:3      | Noticed a sky beast
  2546 | D:3      | Killed a sky beast
  2547 | D:3      | Reached skill level 5 in Long Blades
  2547 | D:3      | Reached XP level 5. HP: 40/43 MP: 6/6
  2983 | D:3      | Found a snail-covered altar of Cheibriados.
  3163 | D:3      | w
  3228 | D:4      | Reached XP level 6. HP: 42/49 MP: 7/7
  3257 | D:4      | Found a blossoming altar of Fedhas.
  3603 | D:4      | Slain by a gnoll sergeant

Illustrated notes

..#....##.)##..##.##......##.##.#
#.#....+....####..##.##.#.#......
#.##..##....#..#..##.##.#.#..##..
#########..###.#...÷..........#..
# ####....####.##.#.#...... #
#...##.## #......#...... #...##.#
#......#.....#
#...##.#####.##.#.##..###
##.###..@.......#.##....# #.#
#######.####.##.##.# #.#
#.....##.##..... #.#
#........##.##.# #.#
#.....#####.##.# #.## #.....#
#.....# #..# #<....# #..#### ##.#
####### #..#### #.# #......


Turn 3163 on D:3: w

Levels and vault maps discovered:
D:1:      minmay_arrival_stone_box, layout_loops_ring
D:2:      layout_basic, basic_altar
D:3:      minmay_bubble_buster, layout_loops_cross, slow_altar_2,
          feat_on_display
D:4:      cheibrodos_barr_body, layout_basic,
          mainiacjoe_overflow_concentric_impassable, serial_shops,
          shop_fountains, minmay_fractal_squares_5, uniq_robin

Skill      XL: |  1  2  3  4 |
---------------+-------------+-----
Long Blades    | 4 5 |  5.8
Fighting       | 4 |  4.7
Spellcasting   | |  1.0
Fire Magic     | |  2.8

Action                     |  1- 3 |  4- 6 || total
---------------------------+-------+-------++-------
  Melee: Falchion          |    71 |   173 ||   244
         Dagger            |    71 |    99 ||   170
 Invoke: Fiery Armour      |     1 |     1 ||     2
         Foxfire Swarm     |       |     3 ||     3
   Stab: Sleeping          |       |     1 ||     1
 Armour: Robe              |    51 |    21 ||    72
         Ring mail         |       |    88 ||    88
  Dodge: Dodged            |    54 |    66 ||   120

Table legend: (Time is in decaauts)
 A = Elapsed time spent in this place.
 B = Non-inter-level travel time spent in this place.
 C = Inter-level travel time spent in this place.
 D = Time resting spent in this place.
 E = Time spent auto-exploring this place.
 F = Levels seen in this place.
 G = Mean time per level.
                   A        B        C        D        E       F      G
               +--------+--------+--------+--------+--------+-----+--------+
         Total |   3603 |   3404 |    199 |     30 |   2686 |   4 |  900.8 |
       Dungeon |   3603 |   3404 |    199 |     30 |   2686 |   4 |  900.8 |
               +--------+--------+--------+--------+--------+-----+--------+

Top non-repeatable levels by time:
     D:2: 1449 daAuts
     D:3: 868 daAuts
     D:1: 863 daAuts
     D:4: 421 daAuts
